 Dungeon Crawl Stone Soup version 0.30-a0-1053-gbd8d5ba0ad (webtiles) character file.

Game seed: 10728977829512329313

42 ytrimaz the Insei (level 3, -3/27 HPs)
             Began as a Demigod Transmuter on Apr 11, 2023.
             Slain by Terence
             ... wielding a +0 morningstar
              (4 damage)
             ... on level 2 of the Dungeon.
             The game lasted 00:01:46 (1286 turns).

ytrimaz the Insei (Demigod Transmuter)              Turns: 1286, Time: 00:01:47

Health: -3/27      AC:  2    Str: 11    XL:     3   Next: 19%
Magic:  4/8        EV: 19    Int: 19    God:
Gold:   89         SH:  0    Dex: 19    Spells: 0/6 levels left

rFire   + . .      SeeInvis .      - Unarmed
rCold   . . .      Faith    .    (shield currently unavailable)
rNeg    . . .      Spirit   .    a - melded +0 robe
rPois   x          Reflect  .    (helmet currently unavailable)
rElec   .          Rampage  .    (cloak currently unavailable)
rCorr   .                        (gloves currently unavailable)
Will    .....                    (boots currently unavailable)
Stlth   ++                       (no amulet)
HPRegen 0.24/turn                f - ring of protection from fire
MPRegen 0.11/turn                (no ring)

@: mighty, spider-form (expiring)
A: venomous fangs, tiny, high MP 1, forlorn, divine attributes
a: End Transformation


You were on level 2 of the Dungeon.
You were a venomous arachnid creature.
You visited 1 branch of the dungeon, and saw 2 of its levels.

You collected 89 gold pieces.


Innate Abilities, Weirdness & Mutations

You are a venomous arachnid creature.
You have venomous fangs.
You are tiny and dextrous.
Your spellcasting is less reliable in this form.
Your armour is entirely melded.
You are incapable of wielding weapons or throwing items.
You have an increased reservoir of magic. (+10% MP)
You shall have no god before yourself.
Your divine heritage dramatically boosts your attributes as you level up.


   Skills:
 - Level 0.8 Fighting
 - Level 1.7 Dodging
 - Level 2.6 Unarmed Combat
 + Level 2.1 Spellcasting
 + Level 2.1 Transmutations
 + Level 1.0 Ice Magic
 * Level 1.6 Poison Magic


You couldn't memorise any spells.
You knew the following spells:

 Your Spells              Type           Power      Damage    Failure   Level
a - Beastly Appendage     Tmut           20%        N/A       19%         1
b - Wereblood             Tmut           10%        N/A       26%         2
c - Spider Form           Tmut/Pois      9%         N/A       43%         3

Your spell library contained the following spells:

 Spells                   Type           Power      Damage    Failure   Level
 Ice Form                 Ice/Tmut       8%         N/A       83%         4

Inventory:

Armour
 a - a +0 robe (melded)
Jewellery
 f - a ring of protection from fire (left front pincers)
   (You found it on level 2 of the Dungeon)
Wands
 d - a wand of roots (19)
   (You found it on level 2 of the Dungeon)
Scrolls
 g - a scroll of torment {unknown}
Potions
 b - a potion of mutation {unknown}
 c - a potion of might
 e - 2 potions of lignification

Dungeon Overview and Level Annotations

Branches:
Dungeon (2/15) Zot: 10716

Annotations:
D:2 Terence

######...##.....#........
#..................##....
#..................##....
#...................##...
#.##...............#....
#....#...................
####.#.>............###..
#................# #..
####.s..........## #..
##.@.........# ...
###..#.## .#. #.... ...
..... ... #.## ... .# ##.
# ... ##


You could see Terence (extremely poisoned).


Message History

g - a scroll labelled SIRRUEDUTH
f - a ring of protection from fire (left hand) Unknown command.
You grow a pair of large bovine horns.
Your feet morph into talons. 😎 MP[-1]
You lost 1 mp, and now have 7/8 mp.
Your transformation is almost over.
A goblin comes into view. It is wielding a +0 club.
The goblin shouts! 😎 MP[+1]
Your mp is fully restored (8).
A goblin is nearby!
A goblin is nearby!
A goblin is nearby!
A worm comes into view.
You extend your transformation's duration.
A rat comes into view. 😎 MP[-1]
You lost 1 mp, and now have 7/8 mp.
The goblin barely misses you.
You closely miss the goblin. You headbutt the goblin.
You kill the goblin!
The rat bites you. 😕 HP[-1]
You take 1 damage, and now have 26/27 hp.
You closely miss the rat. Your punch misses the rat. The rat barely misses you.
You hit the rat. You claw the rat.
You kill the rat!
Things that are here:
a +0 club; a goblin corpse You hit the worm.
You claw the worm, but do no damage. The worm misses you. 😎 HP[+1] MP[+1]
Your hp is fully restored (27).
Your mp is fully restored (8).
You hit the worm. You claw the worm.
Your transformation is almost over.
The worm splashes around in the water.
You hit the worm. You headbutt the worm!
You kill the worm!
No target in view!
You enter the shallow water.
Moving in this stuff is going to be slow.
You see here a worm corpse.
No target in view!
Unknown command.
d - a wand of roots (19) (gained 6 charges)
Your horns disappear.
Your talons disappear.
You now have 89 gold pieces (gained 14).
You enter the shallow water.
Moving in this stuff is going to be slow.
Key pressed, stopping explore.
Terence the Incautious comes into view.
He is wielding a +0 morningstar and carrying a wand of roots (1).
Terence shouts!
Terence says, "Time to say good-bye..."
Terence is nearby!
You grow a pair of large bovine horns.
Your feet morph into talons. 😎 MP[-1]
You lost 1 mp, and now have 7/8 mp.
Unknown command.
Casting: Beastly Appendage (safe; 7% risk of failure)
Confirm with . or Enter, or press ? or * to list all spells.
The spell is extremely dangerous to miscast (22% risk of failure)!
Continue anyway?
Your horns disappear.
Your talons disappear.
You turn into a venomous arachnid creature.
Your +0 robe melds into your body. 😎 MP[-3]
You lost 3 mp, and now have 4/8 mp.
Unknown command.
Terence closely misses you.
You hit Terence but do no damage.
Terence zaps a wand.
The roots erupt in riotous growth!
The grasping roots grab you!
Terence is unaffected.
The now-empty wand crumbles to dust.
The grasping roots constrict you. 😕 HP[-2]
You take 2 damage, and now have 25/27 hp.
You hit Terence but do no damage.
Terence is poisoned.
Your transformation is almost over.
Terence closely misses you.
The grasping roots constrict you. 😕 HP[-4]
You take 4 damage, and now have 21/27 hp.
You bite Terence!
Terence looks as sick as possible!
Terence hits you with a +0 morningstar!
* * * LOW HITPOINT WARNING * * *
The grasping roots constrict you.
* * * LOW HITPOINT WARNING * * *
😨 HP[-14]
You take 14 damage, and now have 7/27 hp.
MASSIVE DAMAGE!! (PAUSE)
You hit Terence.
Terence looks as sick as possible!
Terence barely misses you. The grasping roots constrict you.
* * * LOW HITPOINT WARNING * * *
The grasping roots release their grip on you. 😱 HP[-6]
You take 6 damage, and now have 1/27 hp.
MASSIVE DAMAGE!! (PAUSE) It was a potion of might.
You feel very mighty all of a sudden. Terence hits you with a +0 morningstar.
You die...

Skill      XL: |  1  2 |
---------------+-------+-----
Transmutations | 2 |  2.1
Poison Magic   | 1 |  1.6
Spellcasting   | 2 |  2.1
Ice Magic      | 1 |  1.0
Fighting       | |  0.8
Dodging        | |  1.7
Unarmed Combat | |  2.6

Action                     || total
---------------------------++-------
  Melee: Unarmed           ||    73
         Headbutt          ||    14
         Kick              ||    10
   Cast: Beastly Appendage ||    21
         Wereblood         ||     1
         Spider Form       ||     1
    Use: Potion            ||     2
         Scroll            ||     1
   Stab: Sleeping          ||     1
 Armour: Robe              ||    10
         Skin              ||     3
  Dodge: Dodged            ||    43

Levels and vault maps discovered:
D:1:      tarquinn_simple_flora_water_a, layout_loops_corners
D:2:      cheibrodos_helix_gallery, layout_rooms, guppyfry_early_orc_mine,
          uniq_terence

Notes
Turn   | Place    | Note
-------+----------+-------------------------------------------
     0 | D:1      | ytrimaz the Demigod Transmuter began the quest for the Orb.
     0 | D:1      | Reached XP level 1. HP: 15/15 MP: 5/5
     0 | D:1      | magus.rc [v1.9.6]
   192 | D:1      | HP: 2/15 [quokka (4)]
   455 | D:1      | Reached skill level 2 in Transmutations
   455 | D:1      | Reached XP level 2. HP: 16/22 MP: 5/7
   459 | D:1      | Reached skill level 1 in Poison Magic
   594 | D:1      | Reached skill level 2 in Spellcasting
   944 | D:1      | Learned a level 2 spell: Wereblood
  1055 | D:2      | Reached skill level 1 in Ice Magic
  1055 | D:2      | Reached XP level 3. HP: 17/27 MP: 6/8
  1059 | D:2      | Learned a level 3 spell: Spider Form
  1277 | D:2      | Noticed Terence
  1285 | D:2      | HP: 1/27 [constriction (6)]
  1286 | D:2      | Slain by Terence

Vanquished Creatures
  2 worms (D:2)
  3 orcs (D:2)
  2 ball pythons (D:1)
  A bat (D:1)
  An endoplasm (D:1)
  A giant cockroach (D:1)
  7 goblins
  3 hobgoblins
  A quokka (D:1)
  A frilled lizard (D:1)
  3 kobolds
  4 rats
29 creatures vanquished.

Table legend:
 A = Non-vault XP
 B = Vault XP
 C = Vault XP percentage of total XP
 D = Non-vault monster count
 E = Vault monster count
 F = Vault count percentage of total count
                 A         B        C        D         E       F
            +---------+---------+-------+---------+---------+-------
      Total |      37 |      24 |  39.3 |      20 |       9 |  31.0
            +---------+---------+-------+---------+---------+-------
        D:1 |      26 |       0 |   0.0 |      15 |       0 |   0.0
        D:2 |      11 |      24 |  68.6 |       5 |       9 |  64.3
            +---------+---------+-------+---------+---------+-------

Illustrated notes

Table legend:
 A = Kills in this place as a percentage of kills in the entire game.
 B = Kills by you in this place as a percentage of kills by you in the entire game.
 C = Kills by friends in this place as a percentage of kills by friends in the entire game.
 D = Other kills in this place as a percentage of other kills in the entire game.
 E = Experience gained in this place as a percentage of experience gained in the entire game.
 F = Experience gained in this place divided by the number of levels of this place that you have seen.
                   A       B       C       D       E      F
               +-------+-------+-------+-------+-------+----------------------
         Total | 100.0 | 100.0 |   N/A |   N/A | 100.0 |  30.5
       Dungeon | 100.0 | 100.0 |   N/A |   N/A | 100.0 |  30.5
               +-------+-------+-------+-------+-------+----------------------

Table legend: (Time is in decaauts)
 A = Elapsed time spent in this place.
 B = Non-inter-level travel time spent in this place.
 C = Inter-level travel time spent in this place.
 D = Time resting spent in this place.
 E = Time spent auto-exploring this place.
 F = Levels seen in this place.
 G = Mean time per level.
                   A        B        C        D        E       F      G
               +--------+--------+--------+--------+--------+-----+--------+
         Total |   1282 |   1236 |     46 |      0 |   1006 |   2 |  641.0 |
       Dungeon |   1282 |   1236 |     46 |      0 |   1006 |   2 |  641.0 |
               +--------+--------+--------+--------+--------+-----+--------+

Top non-repeatable levels by time:
     D:1: 970 daAuts
     D:2: 312 daAuts
